 Dungeon Crawl Stone Soup version 0.30.0-15-g856e2d3f33 (webtiles) character file.

Game seed: 13090386528247083149

52 CaptainMV the Caller (level 3, 0/25 HPs)
             Began as a Demonspawn Wanderer on May 19, 2023.
             Slain by a gnoll
             ... wielding a +0 spear
              (1 damage)
             ... on level 2 of the Dungeon.
             The game lasted 00:06:48 (831 turns).

CaptainMV the Caller (Demonspawn Wanderer)           Turns: 831, Time: 00:06:48

Health: 0/25       AC:  3    Str: 11    XL:     3   Next: 60%
Magic:  1/4        EV: 11    Int: 17    God:
Gold:   21         SH:  0    Dex: 11    Spells: 3/4 levels left

rFire   . . .        b - +0 whip
rCold   . . .        (no shield)
rNeg    . . .        c - +0 robe
rPois   .            (no helmet)
rElec   .            o - +0 cloak
rCorr   .            (no gloves)
SInv    .            (no boots)
Will    .....        (no amulet)
Stlth   +            (no ring)
HPRegen 0.24/turn    (no ring)
MPRegen 0.09/turn

%: no passive effects
@: no status effects
A: demonic touch 1
a: no special abilities


You were on level 2 of the Dungeon.
You visited 1 branch of the dungeon, and saw 2 of its levels.

You collected 21 gold pieces.

Inventory:

Hand Weapons
 a - a +0 sling
 b - a +0 whip (weapon)
 h - a +0 club
Armour
 c - a +0 robe (worn)
 o - a +0 cloak (worn)
Jewellery
 n - a ring of willpower
Wands
 d - a wand of polymorph (5) (quivered)
Scrolls
 e - a scroll of torment {unknown}
 f - a scroll of poison {unknown}
 l - a scroll of fear
Potions
 g - 3 potions of curing {unknown}
 i - a potion of brilliance {unknown}
 j - a potion of flight {unknown}
 k - a potion of mutation {unknown}
 m - a potion of heal wounds {unknown}


   Skills:
 + Level 0.6 Fighting
 + Level 1.0 Maces & Flails
 + Level 1.3 Dodging
 + Level 1.3 Spellcasting
 + Level 0.1 Conjurations
 + Level 4.4 Summonings
 + Level 3.1 Air Magic
 + Level 1.0 Evocations


You had 3 spell levels left.
You knew the following spells:

 Your Spells              Type           Power      Damage    Failure   Level
a - Shock                 Conj/Air       24%        1d4       11%         1

Your spell library contained the following spells:

 Spells                   Type           Power      Damage    Failure   Level
 Summon Small Mammal      Summ           64%        N/A       3%          1
 Poisonous Vapours        Pois/Air       12%        N/A       17%         2
 Swiftness                Air            11%        N/A       17%         3
 Summon Guardian Golem    Hex/Summ       8%         N/A       26%         3
 Lesser Beckoning         Tloc           2%         N/A       32%         2
 Gell's Gravitas          Tloc           1%         N/A       54%         3
 Teleport Other           Tloc           1%         N/A       54%         3


Dungeon Overview and Level Annotations

Branches:
Dungeon (2/15)

Altars:


Innate Abilities, Weirdness & Mutations

Your touch may inflict minor irresistible damage on your foes.


Message History

The gnoll is severely wounded.
The orc shouts!
The gnoll hits you from afar with a +0 spear.
A gnoll comes into view. It is wielding a +0 spear.
The gnoll hits you with a +0 spear.
You barely miss the gnoll.
The gnoll is severely wounded.
The gnoll hits you with a +0 spear.
The orc throws a boomerang.
The boomerang misses you.
A gnoll comes into view. It is wielding a +0 whip.
Your magical contamination has completely faded away.
The gnoll shouts!
You hit the gnoll.
The gnoll is almost dead.
You hear a shout!
The gnoll hits you with a +0 spear.
* * * LOW HITPOINT WARNING * * *
The orc throws a boomerang.
The boomerang hits you but does no damage.
You hit the gnoll but do no damage.
You touch the gnoll.
You kill the gnoll!
Your Maces & Flails skill increases to level 1!
The orc hits you with a +0 hand axe.
* * * LOW HITPOINT WARNING * * *
You hit the orc.
The orc is moderately wounded.
The orc hits you with a +0 hand axe.
* * * LOW HITPOINT WARNING * * *
You closely miss the orc.
The orc is moderately wounded.
The orc misses you.
You hit the orc but do no damage.
The orc is moderately wounded.
The orc barely misses you.
You hit the orc.
You touch the orc.
You kill the orc!
The gnoll hits you with a +0 whip.
* * * LOW HITPOINT WARNING * * *
The gnoll hits you from afar with a +0 spear.
You die...

..##.##.##.......
#...............#'#.#..
#...........#.###......
#.......#..............
#......................
#.............#####.#.#
#..........##.#####.#..
#...!).................
#.....@.###.#.#####.#..
###....g......# ..
#####g....### . #..)#.#
.........# #.#.#.#..#
#.#.#.#..# # #.#.#..#
........


You could see 2 gnolls.

Vanquished Creatures
  A gnoll (D:2)
  A dart slug (D:1)
  An orc (D:2)
  4 bats (D:1)
  An endoplasm (D:1)
  2 giant cockroaches (D:1)
  4 goblins
  3 hobgoblins (D:1)
  4 jackals (D:1)
  5 kobolds (D:1)
  4 ball pythons (D:1)
  3 frilled lizards (D:1)
  5 rats
38 creatures vanquished.

Notes
Turn   | Place    | Note
-------+----------+-------------------------------------------
     0 | D:1      | CaptainMV the Demonspawn Wanderer began the quest for the
                  | Orb.
     0 | D:1      | CaptainMV set off with the following items: a +0 club, a
                  | scroll of fear, a +0 robe, a wand of polymorph (5); and the
                  | following spells available to memorise: Summon Small
                  | Mammal, Shock, Poisonous Vapours, Swiftness, Summon
                  | Guardian Golem.
     0 | D:1      | Reached XP level 1. HP: 13/13 MP: 2/2
     2 | D:1      | Learned a level 1 spell: Shock
    81 | D:1      | Discovered your monstrous ancestry.
    81 | D:1      | Gained mutation: Your touch may inflict minor irresistible
                  | damage on your foes. [demonic ancestry]
    81 | D:1      | Reached XP level 2. HP: 14/19 MP: 0/3
   290 | D:1      | Reached XP level 3. HP: 25/25 MP: 0/4
   826 | D:2      | Reached skill level 1 in Maces & Flails
   831 | D:2      | HP: 1/25 [gnoll/+0 whip (3)]
   831 | D:2      | Slain by a gnoll

Illustrated notes

Levels and vault maps discovered:
D:1:      spicycebolla_arrival_clurvy, layout_basic
D:2:      layout_basic, shapermc_ecumenical_altar_starsandcircs

Skill      XL: |  1  2  3 |
---------------+----------+-----
Air Magic      | 3 |  3.1
Maces & Flails | 1 |  1.0
Fighting       | |  0.6
Dodging        | |  1.3
Spellcasting   | |  1.3
Conjurations   | |  0.1
Summonings     | |  4.4
Evocations     | |  1.0

Action                     || total
---------------------------++-------
  Melee: Club              ||    51
         Punch             ||     2
         Touch             ||     9
         Whip              ||    17
   Cast: Shock             ||    31
   Stab: Sleeping          ||     1
 Armour: Robe              ||    22
  Dodge: Dodged            ||    69
